Description

PvZ drill to practice timing and building placement against v easy AI

VOD

https://youtu.be/9Ov5eV1BgTA

Replay - Harstem's PvZ practice drill

Build Order

Get SALT Encoding   

  12  0:01  Probe  
  13  0:13  Probe  
  14  0:20  Pylon  
  14  0:25  Probe (Chrono Boost)  
  15  0:38  Gateway  
  15  0:39  Probe (Chrono Boost)  
  16  0:46  Probe (Chrono Boost)  
  16  0:47  Assimilator  
  17  0:53  Probe  
  17  0:55  Assimilator  
  18  1:05  Probe (Chrono Boost)  
  18  1:10  Gateway  
  19  1:15  Probe x2 (Chrono Boost)  
  20  1:25  Cybernetics Core  
  21  1:31  Probe  
  22  1:35  Pylon  
  24  2:02  Stalker x2  
  24  2:03  Warp Gate  
  24  2:07  Pylon  
  29  2:32  Sentry x2  
  33  2:41  Nexus  
  34  2:59  Sentry, Pylon  
  37  3:05  Phoenix  
  37  3:07  Robotics Facility  
  40  3:40  Twilight Council, Forge  
  46  4:09  Stalker x2  
  52  4:19  Pylon  
  53  4:29  Gateway x2  
  56  4:51  Gateway x2  
  58  4:53  Assimilator  
  60  5:07  Observer  
  60  5:09  Nexus  
  62  5:20  Stalker  
  65  5:27  Stalker  
  69  5:38  Stalker x2  
  75  5:48  Stalker  
Spawning Tool Build Advisor. Get it on Overwolf

Go to:

Details

  • Created by: Khaospenguin
  • Published on: Jan 05, 2021
  • Modified on: Jan 05, 2021
  • Patch: 4.11.0
  • Difficulty: Medium
Show
View Real Time Build Order
Export as new Build Order

Comments (1)

On Jan. 7, 2021, 1:39 a.m., Joaco  said:

this is a protoss vs protoss please fix, thanks

Create an account to comment!